 Dungeon Crawl Stone Soup version 0.29.1-13-g9f3cf754e1 (webtiles) character file.

Game seed: 11942973723217980161

53 DemonSlayer the Magician (level 3, -3/36 HPs)
             Began as a Demonspawn Earth Elementalist on Jan 31, 2023.
             Killed from afar by Jessica (10 damage)
             ... with a bolt of dispelling energy
             ... on level 3 of the Dungeon.
             The game lasted 00:03:46 (2480 turns).

DemonSlayer the Magician (DsEE)                     Turns: 2480, Time: 00:03:47

Health: -3/36      AC: 21    Str: 10    XL:     3   Next: 62%
Magic:  4/7        EV:  2    Int: 16    God:
Gold:   111        SH:  5    Dex: 13    Spells: 4/8 levels left

rFire   . . .      SeeInvis .   h - +0 dagger
rCold   . . .      Faith    .   t - +2 buckler {rN+}
rNeg    + . .      Spirit   .   (body armour currently unavailable)
rPois   +          Reflect  .   (helmet currently unavailable)
rElec   .          Harm     .   (cloak currently unavailable)
rCorr   .          Rampage  .   (gloves currently unavailable)
Will    .....      NoTele   +   (boots currently unavailable)
Stlth   ++........              (no amulet)
HPRegen 0.12/turn               o - +4 ring of slaying
MPRegen 0.10/turn               (no ring)

@: brilliant, tree-form (expiring), attractive
A: stationary, stasis, torment immunity, boosted hp, foul stench 1
a: no special abilities


You were on level 3 of the Dungeon.
You were a tree.
You visited 1 branch of the dungeon, and saw 3 of its levels.

You collected 111 gold pieces.

Inventory:

Hand Weapons
 h - a +0 dagger (weapon)
Armour
 n - a +0 pair of boots (melded)
 p - a +0 leather armour (melded)
 t - a +2 buckler of positive energy (worn)
Jewellery
 o - a +4 ring of slaying (left branch)
 r - a ring of protection from fire
Scrolls
 d - a scroll of amnesia {unknown}
 i - 4 scrolls of enchant weapon {unknown}
 k - a scroll of enchant armour {unknown}
Potions
 a - a potion of mutation {unknown}
 b - a potion of magic
 c - a potion of ambrosia {unknown}
 e - a potion of resistance {unknown}
 g - a potion of cancellation {unknown}
 j - a potion of might {unknown}
 u - a potion of lignification


   Skills:
 + Level 0.1 Short Blades
 + Level 0.1 Armour
 + Level 1.9 Dodging
 + Level 1.8 Stealth
 + Level 3.2 Spellcasting
 + Level 0.8 Transmutations
 + Level 3.1 Earth Magic


You had 4 spell levels left.
You knew the following spells:

 Your Spells              Type           Power      Damage    Failure   Level
a - Sandblast             Erth           38%        2d10      7%          1
b - Stone Arrow           Conj/Erth      22%        3d8       36%         3

Your spell library contained the following spells:

 Spells                   Type           Power      Damage    Failure   Level
 Passwall                 Tmut/Erth      10%        N/A       17%         2
 Petrify                  Tmut/Erth      13%        N/A       73%         4
 Animate Armour           Summ/Erth      22%        N/A       78%         4
 Lehudib's Crystal Spear  Conj/Erth      5%         10d3      100%        8


Dungeon Overview and Level Annotations

Branches:
Dungeon (3/15)

Altars:
Nemelex Xobeh

Annotations:
D:2 Sigmund
D:3 Jessica, Terence


Innate Abilities, Weirdness & Mutations

You are a tree.
Your roots penetrate the ground, keeping you stationary.
You cannot be teleported.
You are immune to unholy pain and torment.
Your maximum health is greatly increased.
Your equipment is partially melded.
You may rarely emit foul miasma when damaged in melee.


Message History

Jessica is wielding a +8 club and carrying a wand of quicksilver (7).
Found a scroll labelled FACSUH PAWYCAWNI.
The frilled lizard hisses angrily.
Jessica shouts!
Jessica mumbles some strange words.
Jessica seems to speed up.
Jessica gestures at you while chanting.
You barely resist.
Jessica zaps a wand.
The bolt of dispelling energy hits you!
* * * LOW HITPOINT WARNING * * *
As you read the scroll labelled EHAGOR RAULURE, it crumbles to dust.
You hear a loud clanging noise!
It was a scroll of noise.
You hear an angry hiss. x4
Jessica zaps a wand.
The bolt of dispelling energy misses you.
It was a potion of lignification.
You turn into a tree.
Your +0 pair of boots melds into your body.
Your +0 leather armour melds into your body.
Your roots penetrate the ground.
It was a potion of brilliance.
You feel clever all of a sudden.
The frilled lizard bites you but does no damage.
It was a potion of attraction.
You feel attractive to monsters. Jessica hits you but does no damage.
The frilled lizard bites you but does no damage.
Jessica gestures wildly while chanting.
Jessica blinks!
Jessica is attracted toward you.
Casting: Sandblast (safe; 7% risk of failure)
Confirm with . or Enter, or press ? or * to list all spells.
Aiming: Sandblast (safe; 7% risk of failure)
Press: ? - help, Shift-Dir - straight line, f - Jessica
Aim: Jessica, wielding a +8 club, wearing a +0 robe and carrying a wand of quicksilver (5) (fast, 82% to hit)
You feel a surge of power!
The blast of sand hits Jessica.
Jessica is heavily wounded.
Jessica completely misses you.
The frilled lizard bites you but does no damage.
Jessica zaps a wand.
The bolt of dispelling energy hits you!
Your magical effects are unravelling.
You die...

## .. ...
.# .... .#
....####.#
.........#
.........#
#...§....#
#.....@♣.#
.?....§l.##
..........#
..........#
..........#
..........#
..........#
..........#
..........#


You could see Jessica (fast) and a frilled lizard.

Vanquished Creatures
  An adder (D:2)
  5 dart slugs (D:1)
  4 endoplasms
  2 giant cockroaches
  2 goblins
  5 hobgoblins
  A quokka (D:1)
  4 ball pythons (D:1)
  2 bats (D:1)
  2 frilled lizards
  2 kobolds (D:1)
  4 rats
34 creatures vanquished.

Notes
Turn   | Place    | Note
-------+----------+-------------------------------------------
     0 | D:1      | DemonSlayer the Demonspawn Earth Elementalist began the
                  | quest for the Orb.
     0 | D:1      | Reached XP level 1. HP: 13/13 MP: 3/3
   183 | D:1      | Gained mutation: You may rarely emit foul miasma when
                  | damaged in melee. [demonic ancestry]
   183 | D:1      | Reached XP level 2. HP: 19/19 MP: 1/5
   513 | D:1      | Found a faded altar of an unknown god.
   911 | D:1      | Reached XP level 3. HP: 24/24 MP: 4/7
  1151 | D:1      | Learned a level 3 spell: Stone Arrow
  1735 | D:2      | Found a sparkling altar of Nemelex Xobeh.
  1764 | D:2      | Noticed Sigmund
  2461 | D:3      | Noticed Terence
  2472 | D:3      | Noticed Jessica
  2480 | D:3      | Killed from afar by Jessica

Illustrated notes

Levels and vault maps discovered:
D:1:      wander_arrival_fairy_ring, layout_loops_corners,
          shapermc_ecumenical_altar_notcrosses
D:2:      layout_loops_ring, basic_altar, chequers_serial_rivers_micro_d,
          bh_walls_and_bars, uniq_sigmund, uniq_crazy_yiuf_cottage
D:3:      layout_basic, amcnicky_altar_gilded, uniq_jessica, uniq_terence

Skill      XL: |  1  2  3 |
---------------+----------+-----
Earth Magic    | 3 |  3.1
Spellcasting   | 3 |  3.2
Short Blades   | |  0.1
Armour         | |  0.1
Dodging        | |  1.9
Stealth        | |  1.8
Transmutations | |  0.8

Action                   || total
-------------------------++-------
Melee: Dagger            ||    10
 Cast: Sandblast         ||    56
  Use: Scroll            ||     3
       Potion            ||     3
Armor: Robe              ||     2
       Leather armour    ||     6
       Skin              ||     4
Dodge: Dodged            ||    34
Block: Buckler           ||     1
